SL
NEW JERSEY FENIX @ SEATTLE AVIATORS
08/10/2034
 
TOP OF THE 1ST
New Jersey Fenix batting - Pitching for Seattle Aviators : LHP Wes Hamm
Pitching: LHP Wes Hamm
Batting: RHB Norman Winston 0-0: Called Strike
0-1: Called Strike
0-2: Strikes out looking
Batting: LHB Alexis Raimbault 0-0: Called Strike
0-1: Ball
1-1: Called Strike
1-2: Ground out 5-3 (Groundball, 5)
Batting: RHB José Carlos Pérez 0-0: Fly out, F7 (Line Drive, 7)
Top of the 1st over - 0 runs, 0 hits, 0 errors, 0 left on base; New Jersey 0 - Seattle 0
BOTTOM OF THE 1ST
Seattle Aviators batting - Pitching for New Jersey Fenix : RHP Jimmy O'Flahavan
Pitching: RHP Jimmy O'Flahavan
Batting: SHB Nuygen Vuong 0-0: Ground out 4-3 (Groundball, 4S)
Batting: RHB Lester Kwiatkowski 0-0: Called Strike
0-1: Ball
1-1: Foul Ball, location: 2F
1-2: Strikes out swinging
Batting: LHB Kenny Webster 0-0: SINGLE (Line Drive, 56)
Batting: LHB Yataro Kodo 0-0: Ball
1-0: Ball
2-0: Ball
3-0: Called Strike
3-1: Base on Balls
Kenny Webster to second
Batting: RHB Arlen Joysey 0-0: Ball
1-0: Ball
2-0: Fielders Choice at 2nd, 6-4 (Groundball, 6)
Bottom of the 1st over - 0 runs, 1 hit, 0 errors, 2 left on base; New Jersey 0 - Seattle 0
TOP OF THE 2ND
New Jersey Fenix batting - Pitching for Seattle Aviators : LHP Wes Hamm
Batting: LHB Javier Sánchez 0-0: Swinging Strike
0-1: Ball
1-1: Called Strike
1-2: Ball
2-2: Strikes out swinging
Batting: SHB Shiki Sanu 0-0: Ball
1-0: Foul Ball, location: 2F
1-1: Ball
2-1: Ball
3-1: Base on Balls
Batting: LHB Pedro Gutiérrez 0-0: Fly out, F2 (Popup, 25F)
Batting: RHB Takashi Miike 0-0: Called Strike
0-1: Called Strike
0-2: Ball
1-2: Ball
2-2: Ball
3-2: Foul Ball, location: 2F
3-2: Strikes out looking
Top of the 2nd over - 0 runs, 0 hits, 0 errors, 1 left on base; New Jersey 0 - Seattle 0
BOTTOM OF THE 2ND
Seattle Aviators batting - Pitching for New Jersey Fenix : RHP Jimmy O'Flahavan
Batting: SHB Paul Wite 0-0: Ball
1-0: Foul Ball, location: 2F
1-1: Ground out U3 (Groundball, 3)
Batting: RHB Albert Zamudio 0-0: Ball
1-0: Foul Ball, location: 2F
1-1: Foul Ball, location: 2F
1-2: Foul Ball, location: 2F
1-2: Ball
2-2: Fly out, F5 (Popup, 56)
Batting: RHB Walt Miller 0-0: Ball
1-0: Ball
2-0: Ball
3-0: Base on Balls
Batting: LHB Del Truscott 0-0: Swinging Strike
0-1: Fly out, F9 (Flyball, 9)
Bottom of the 2nd over - 0 runs, 0 hits, 0 errors, 1 left on base; New Jersey 0 - Seattle 0
TOP OF THE 3RD
New Jersey Fenix batting - Pitching for Seattle Aviators : LHP Wes Hamm
Batting: SHB Jesús Román 0-0: Ball
1-0: Ball
2-0: Ball
3-0: Called Strike
3-1: Fly out, F7 (Line Drive, 78D)
Batting: LHB Yin-reng Hsueh 0-0: SINGLE (Groundball, 4D)
Batting: RHB Norman Winston 0-0: Ball
1-0: Fly out, F7 (Flyball, 78D)
Batting: LHB Alexis Raimbault 0-0: Ball
1-0: Ball
2-0: Called Strike
2-1: Swinging Strike
2-2: Strikes out swinging
Top of the 3rd over - 0 runs, 1 hit, 0 errors, 1 left on base; New Jersey 0 - Seattle 0
BOTTOM OF THE 3RD
Seattle Aviators batting - Pitching for New Jersey Fenix : RHP Jimmy O'Flahavan
Batting: SHB Nuygen Vuong 0-0: Called Strike
0-1: Called Strike
0-2: Ball
1-2: Foul Ball, location: 2F
1-2: Ball
2-2: Ball
3-2: Foul Ball, location: 2F
3-2: Foul Ball, location: 2F
3-2: SINGLE (Line Drive, 34D)
Batting: RHB Lester Kwiatkowski 0-0: Called Strike
0-1: Ball
1-1: Foul Ball, location: 2F
1-2: Ball
2-2: SINGLE (Groundball, 6MD)
Nuygen Vuong to second
Runner from 2nd tries for 3rd, SAFE, throw made to third
Now in CF: Bobby Butterfield
Batting: LHB Kenny Webster 0-0: Foul Ball, location: 2F
0-1: SINGLE (Groundball, 4MD)
Nuygen Vuong scores
Lester Kwiatkowski to second
Batting: LHB Yataro Kodo 0-0: Fly out, F9 (Flyball, 9S)
Batting: RHB Arlen Joysey 0-0: Ball
1-0: Ball
2-0: DOUBLE (Line Drive, 7D)
Lester Kwiatkowski scores
Kenny Webster to third
Runner from 3rd tries for Home, SAFE, no throw
Batting: SHB Paul Wite 0-0: Ball
1-0: Called Strike
1-1: Foul Ball, location: 2F
1-2: Fly out, F5 (Line Drive, 5)
Batting: RHB Albert Zamudio 0-0: Ball
1-0: Swinging Strike
1-1: Fly out, F4 (Popup, 34S)
Bottom of the 3rd over - 3 runs, 4 hits, 0 errors, 1 left on base; New Jersey 0 - Seattle 3
TOP OF THE 4TH
New Jersey Fenix batting - Pitching for Seattle Aviators : LHP Wes Hamm
Batting: RHB José Carlos Pérez 0-0: Ball
1-0: Foul Ball, location: 2F
1-1: Foul Ball, location: 2F
1-2: Strikes out swinging
Batting: LHB Javier Sánchez 0-0: Called Strike
0-1: Ball
1-1: Ball
2-1: Ball
3-1: Foul Ball, location: 2F
3-2: Foul Ball, location: 2F
3-2: Base on Balls
Batting: SHB Shiki Sanu 0-0: Ball
1-0: Ball
2-0: Called Strike
2-1: Foul Ball, location: 2F
2-2: SINGLE (Flyball, 8LS)
Javier Sánchez to second
Runner from 2nd tries for 3rd, SAFE, no throw
Batting: LHB Pedro Gutiérrez 0-0: Ball
1-0: Foul Ball, location: 2F
1-1: Foul Ball, location: 2F
1-2: DOUBLE (Line Drive, 89M)
Javier Sánchez scores
Shiki Sanu to third
Runner from 3rd tries for Home, SAFE, no throw
Batting: RHB Takashi Miike 0-0: Called Strike
0-1: Ball
1-1: Foul Ball, location: 2F
1-2: Ball
2-2: Strikes out swinging
Batting: SHB Jesús Román 0-0: Called Strike
0-1: Ball
1-1: Ball
2-1: Ball
3-1: Fly out, F8 (Flyball, 89D)
Top of the 4th over - 2 runs, 2 hits, 0 errors, 1 left on base; New Jersey 2 - Seattle 3
BOTTOM OF THE 4TH
Seattle Aviators batting - Pitching for New Jersey Fenix : RHP Jimmy O'Flahavan
Batting: RHB Walt Miller 0-0: Reached on error, E3 (Groundball, 34)
Batting: LHB Del Truscott 0-0: Ball
1-0: Called Strike
1-1: Called Strike
1-2: Strikes out swinging
Walt Miller is caught stealing 2nd base
Batter strikes out.
Batting: SHB Nuygen Vuong 0-0: Foul Ball, location: 2F
0-1: Ground out 5-3 (Groundball, 56)
Bottom of the 4th over - 0 runs, 0 hits, 1 error, 0 left on base; New Jersey 2 - Seattle 3
TOP OF THE 5TH
New Jersey Fenix batting - Pitching for Seattle Aviators : LHP Wes Hamm
Batting: RHB Bobby Butterfield 0-0: Swinging Strike
0-1: SINGLE (Groundball, 34D)
Batting: RHB Norman Winston 0-0: Called Strike
Bobby Butterfield steals 2nd base
0-1: Swinging Strike
0-2: Foul Ball, location: 2F
0-2: Ball
1-2: Foul Ball, location: 2F
1-2: Foul Ball, location: 2F
1-2: Ball
2-2: Ground out 4-3 (Groundball, 34)
Bobby Butterfield to third
Batting: LHB Alexis Raimbault 0-0: Fly out, F8 (Flyball, 8RD)
Runner from 3rd tags up, SCORES, throw made
Batting: RHB José Carlos Pérez 0-0: Ball
1-0: Ball
2-0: Fly out, F6 (Line Drive, 6)
Top of the 5th over - 1 run, 1 hit, 0 errors, 0 left on base; New Jersey 3 - Seattle 3
BOTTOM OF THE 5TH
Seattle Aviators batting - Pitching for New Jersey Fenix : RHP Jimmy O'Flahavan
Batting: RHB Lester Kwiatkowski 0-0: Called Strike
0-1: Ball
1-1: Fly out, F7 (Flyball, 78D)
Batting: LHB Kenny Webster 0-0: DOUBLE (Flyball, 8RXD)
Batting: LHB Yataro Kodo 0-0: Fly out, F6 (Flyball, 6D)
Batting: RHB Arlen Joysey 0-0: Ball
1-0: Called Strike
1-1: Swinging Strike
1-2: SINGLE (Groundball, 6D)
Kenny Webster to third
Runner from 3rd tries for Home, SAFE, no throw
Batting: SHB Paul Wite 0-0: Ball
1-0: Fly out, F9 (Flyball, 9LD)
Bottom of the 5th over - 1 run, 2 hits, 0 errors, 1 left on base; New Jersey 3 - Seattle 4
TOP OF THE 6TH
New Jersey Fenix batting - Pitching for Seattle Aviators : LHP Wes Hamm
Batting: LHB Javier Sánchez 0-0: Ball
1-0: Ball
2-0: Called Strike
2-1: Fly out, F4 (Popup, 4M)
Batting: SHB Shiki Sanu 0-0: Foul Ball, location: 2F
0-1: Ball
1-1: Ball
2-1: Swinging Strike
2-2: Ball
3-2: DOUBLE (Line Drive, 78XD)
Batting: LHB Pedro Gutiérrez 0-0: Ball
1-0: Called Strike
1-1: Swinging Strike
1-2: Ground out 5-3 (Groundball, 2L)
Shiki Sanu to third
Pitching: LHP Jesús Tejeda
Batting: RHB Takashi Miike 0-0: Called Strike
0-1: Foul Ball, location: 2F
0-2: Ball
Wild Pitch!
Shiki Sanu scores
1-2: Foul Ball, location: 2F
1-2: Ball
2-2: Ball
3-2: Fly out, F8 (Flyball, 8RM)
Top of the 6th over - 1 run, 1 hit, 0 errors, 0 left on base; New Jersey 4 - Seattle 4
BOTTOM OF THE 6TH
Seattle Aviators batting - Pitching for New Jersey Fenix : RHP Jimmy O'Flahavan
Batting: RHB Albert Zamudio 0-0: Foul Ball, location: 2F
0-1: Called Strike
0-2: Ball
1-2: Ground out 6-3 (Groundball, 6)
Batting: RHB Walt Miller 0-0: Ball
1-0: Ball
2-0: Foul Ball, location: 2F
2-1: Called Strike
2-2: Ground out 5-3 (Groundball, 5L)
Batting: LHB Del Truscott 0-0: SINGLE (Line Drive, 78S)
Batting: SHB Nuygen Vuong 0-0: Ball
Del Truscott is caught stealing 2nd base
Bottom of the 6th over - 0 runs, 1 hit, 0 errors, 0 left on base; New Jersey 4 - Seattle 4
TOP OF THE 7TH
New Jersey Fenix batting - Pitching for Seattle Aviators : LHP Jesús Tejeda
Batting: SHB Jesús Román 0-0: Called Strike
0-1: Ground out 6-3 (Groundball, 6)
Batting: RHB Bobby Butterfield 0-0: Fly out, F6 (Popup, 6S)
Batting: RHB Norman Winston 0-0: Ball
1-0: DOUBLE (Line Drive, 9LS)
Batting: LHB Alexis Raimbault 0-0: SINGLE (Line Drive, 8LS)
Norman Winston to third
Runner from 3rd tries for Home, SAFE, no throw
Batting: RHB José Carlos Pérez 0-0: Called Strike
0-1: Ball
1-1: Ball
Wild Pitch!
Alexis Raimbault to second
2-1: Foul Ball, location: 2F
2-2: Foul Ball, location: 2F
2-2: Fly out, F3 (Popup, 23F)
Top of the 7th over - 1 run, 2 hits, 0 errors, 1 left on base; New Jersey 5 - Seattle 4
BOTTOM OF THE 7TH
Seattle Aviators batting - Pitching for New Jersey Fenix : RHP Jimmy O'Flahavan
Batting: SHB Nuygen Vuong 0-0: Called Strike
0-1: Foul Ball, location: 2F
0-2: Ball
1-2: Ball
2-2: Ball
3-2: Fly out, F3 (Line Drive, 3)
Batting: RHB Lester Kwiatkowski 0-0: Foul Ball, location: 2F
0-1: Ground out 5-3 (Groundball, 5)
Batting: LHB Kenny Webster 0-0: Called Strike
0-1: Swinging Strike
0-2: Foul Ball, location: 2F
0-2: Fly out, F7 (Flyball, 7LM)
Bottom of the 7th over - 0 runs, 0 hits, 0 errors, 0 left on base; New Jersey 5 - Seattle 4
TOP OF THE 8TH
New Jersey Fenix batting - Pitching for Seattle Aviators : LHP Jesús Tejeda
Batting: LHB Javier Sánchez 0-0: Fly out, F8 (Flyball, 78S)
Batting: SHB Shiki Sanu 0-0: Called Strike
0-1: Ball
1-1: Fly out, F4 (Popup, 4M)
Batting: LHB Pedro Gutiérrez 0-0: Ball
1-0: Foul Ball, location: 2F
1-1: Fly out, F8 (Flyball, 78M)
Top of the 8th over - 0 runs, 0 hits, 0 errors, 0 left on base; New Jersey 5 - Seattle 4
BOTTOM OF THE 8TH
Seattle Aviators batting - Pitching for New Jersey Fenix : RHP Jimmy O'Flahavan
Now at 1B: Michael Cochran
Batting: LHB Yataro Kodo 0-0: Ball
1-0: Foul Ball, location: 2F
1-1: Ball
2-1: Ball
3-1: Ground out 6-3 (Groundball, 6)
Pitching: RHP Markus Visser
Batting: RHB Arlen Joysey 0-0: Foul Ball, location: 2F
0-1: Foul Ball, location: 2F
0-2: Ground out 5-3 (Groundball, 5)
Batting: SHB Paul Wite 0-0: Ball
1-0: Foul Ball, location: 2F
1-1: Swinging Strike
1-2: Foul Ball, location: 2F
1-2: Ball
2-2: Strikes out swinging
Bottom of the 8th over - 0 runs, 0 hits, 0 errors, 0 left on base; New Jersey 5 - Seattle 4
TOP OF THE 9TH
New Jersey Fenix batting - Pitching for Seattle Aviators : LHP Jesús Tejeda
Batting: RHB Takashi Miike 0-0: Swinging Strike
0-1: Fly out, F6 (Line Drive, 6)
Pitching: RHP Zach Rediker
Batting: SHB Jesús Román 0-0: Ball
1-0: Ball
2-0: Ball
3-0: Called Strike
3-1: Base on Balls
Batting: RHB Bobby Butterfield 0-0: Ball
1-0: Swinging Strike
1-1: Called Strike
1-2: Ball
2-2: SINGLE (Flyball, 9S)
Jesús Román to second
Runner from 2nd tries for 3rd, SAFE, no throw
Batting: RHB Norman Winston 0-0: Ball
1-0: DOUBLE (Line Drive, 78D)
Jesús Román scores
Bobby Butterfield to third
Runner from 3rd tries for Home, SAFE, no throw
Batting: LHB Alexis Raimbault 0-0: Intentional Walk
Batting: RHB José Carlos Pérez 0-0: Called Strike
Norman Winston steals 3rd base
0-1: Ground out 5-3 (Groundball, 56S)
Alexis Raimbault to second
Batting: LHB Michael Cochran 0-0: Ground out 4-3 (Groundball, 34)
Top of the 9th over - 2 runs, 2 hits, 0 errors, 2 left on base; New Jersey 7 - Seattle 4
BOTTOM OF THE 9TH
Seattle Aviators batting - Pitching for New Jersey Fenix : RHP Markus Visser
Pitching: RHP Nam Yee Yong
Batting: RHB Albert Zamudio 0-0: Foul Ball, location: 2F
0-1: Fly out, F7 (Flyball, 7LS)
Batting: RHB Walt Miller 0-0: Ball
1-0: Called Strike
1-1: Ball
2-1: SINGLE (Groundball, 6MD)
Batting: LHB Del Truscott 0-0: Ball
1-0: Foul Ball, location: 2F
1-1: Fly out, F8 (Flyball, 8RM)
Batting: SHB Nuygen Vuong 0-0: Ball
1-0: Called Strike
1-1: Ball
2-1: Ball
3-1: Called Strike
3-2: Base on Balls
Walt Miller to second
Batting: RHB Lester Kwiatkowski 0-0: Ball
Wild Pitch!
Walt Miller to third
Nuygen Vuong to second
1-0: Called Strike
1-1: Called Strike
1-2: Ball
2-2: Ground out 5-3 (Groundball, 56)
Bottom of the 9th over - 0 runs, 1 hit, 0 errors, 2 left on base; New Jersey 7 - Seattle 4
Friday, March 29th, 2019 - OOTP Baseball 18.8 Build 76